 Dungeon Crawl Stone Soup version 0.31.0-1-g2c135a008e (webtiles) character file.

Game seed: 15628492218402489928

982 qw the Shooter (level 8, -9/58 HPs)
             Began as a Djinni Hunter on Jan 23, 2024.
             Killed from afar by a gargoyle (27 damage)
             ... with a stone arrow
             ... on level 6 of the Dungeon.
             The game lasted 00:00:20 (5097 turns).

qw the Shooter (Djinni Hunter)                      Turns: 5097, Time: 00:00:21

Health: -9/58      AC: 10    Str: 10    XL:     8   Next: 40%
Gold:   359        EV: 17    Int:  8    God:
                   SH:  0    Dex: 22

rFire   + + .        a - +1 shortbow
rCold   x . .        (shield currently unavailable)
rNeg    . . .        f - +5 ring mail of Tudeo {Will+ Int-2 Dex+2 Stlth+}
rPois   inf          (no helmet)
rElec   .            (no cloak)
rCorr   .            (no gloves)
SInv    .            (boots unavailable)
Will    ++...        j - amulet of the acrobat
Stlth   ++           d - +5 ring of evasion
HPRegen 0.29/turn    l - ring of willpower
MPRegen 0.00/turn

%: acrobat, infuse magic (-10 HP)
@: flying
A: sickness immunity, fire resistance 2, cold vulnerability 1, float, innate
caster, HP casting, extra vitality 1
a: no special abilities


You were on level 6 of the Dungeon.
You visited 2 branches of the dungeon, and saw 7 of its levels.

You collected 359 gold pieces.


Innate Abilities, Weirdness & Mutations

You are immune to sickness and miasma.
You are immune to poison.
Your flesh is very heat resistant. (rF++)
You are vulnerable to cold. (rC-)
You float through the air rather than walking.
You learn spells naturally, not from books.
Your magical power is your life essence.
You have superior vitality. (+4 MHP)


   Skills:
 + Level 4.1 Fighting
 - Level 7.1 Ranged Weapons
 - Level 1.1 Armour
 - Level 4.3 Dodging
 - Level 0.7 Stealth


You knew the following spells:

 Your Spells              Type           Power      Damage    Failure   Level
a - Magic Dart            Conj           0%         1d3       73%         1
b - Scorch                Fire           0%         2d5       86%         2
c - Ensorcelled Hibernat  Hex/Ice        0%         N/A       86%         2
Your spell library was empty.

Inventory:

Hand Weapons
 a - a +1 shortbow (weapon)
Armour
 f - the +5 ring mail of Tudeo (worn) {Will+ Int-2 Dex+2 Stlth+}
   (You found it on level 4 of the Dungeon)

   Int-2:     It affects your intelligence (-2).
   Dex+2:     It affects your dexterity (+2).
   Will+:     It increases your willpower.
   Stlth+:    It makes you more stealthy.
Jewellery
 d - a +5 ring of evasion (left hand)
 j - an amulet of the acrobat (around neck)
 l - a ring of willpower (right hand)
Scrolls
 b - 2 scrolls of teleportation
 g - 2 scrolls of noise {unknown}
 i - 2 scrolls of enchant armour
Potions
 c - a potion of haste {unknown}
 e - a potion of might
 h - 3 potions of curing

Dungeon Overview and Level Annotations

Branches:
Dungeon (6/15)             Temple (1/1) D:4

Altars:
Ashenzari
Dithmenos
Elyvilon
Fedhas
Gozag
Hepliaklqana
Makhleb
Nemelex Xobeh
Qazlal
Ru
Trog
Uskayaw
Wu Jian
Xom
Yredelemnul
Zin
The Shining One

Annotations:
D:4 3 runed translucent doors, qw's ghost, amateur GrHu


Message History

The gargoyle misses you.
You shoot an arrow.
The arrow hits the gargoyle but does no damage.
The gargoyle is lightly damaged.
The gargoyle hits you with a +0 mace.
You shoot an arrow.
The arrow hits the gargoyle but does no damage.
The gargoyle is lightly damaged.
The gargoyle hurls a stone arrow at you.
The stone arrow misses you.
You shoot an arrow. The arrow hits the gargoyle!
The gargoyle is moderately damaged.
The gargoyle barely misses you.
You shoot an arrow. The arrow barely misses the gargoyle.
The gargoyle hurls a stone arrow at you.
The stone arrow misses you. The gargoyle barely misses you.
You shoot an arrow.
The arrow hits the gargoyle but does no damage.
The gargoyle is moderately damaged.
The gargoyle hits you with a +0 mace!
You shoot an arrow. The arrow barely misses the gargoyle.
The gargoyle closely misses you.
You shoot an arrow.
The arrow hits the gargoyle but does no damage.
The gargoyle is moderately damaged.
The gargoyle hurls a stone arrow at you.
The stone arrow misses you.
You shoot an arrow. The arrow barely misses the gargoyle.
The gargoyle hits you with a +0 mace! The gargoyle misses you.
You shoot an arrow.
The arrow hits the gargoyle but does no damage.
The gargoyle is moderately damaged.
The gargoyle hurls a stone arrow at you.
The stone arrow misses you.
You shoot an arrow.
The arrow hits the gargoyle but does no damage.
The gargoyle is moderately damaged.
The gargoyle hurls a stone arrow at you.
The stone arrow hits you!!
You die...

# #.# #.# #.## #
#.# #.# #... # #.#
#.# #### # #.# #.#
# #.# #.# # #.#
#.# #.# #.# #.#
#.# ##.## #@#
##...## #9#
######.....####.#
#.........^..##.#
#.####.....#.....
#.#####...##.....
#................
#.####...##.......
#.# #.### ......


You could see a gargoyle.

Vanquished Creatures
  A water moccasin (D:6)
  An ice beast (D:5)
  A centaur (D:6)
  2 phantoms
  A kobold brigand (D:6)
  A bombardier beetle (D:6)
  2 hounds (D:5)
  3 iguanas
  A gnoll bouda (D:6)
  11 gnolls
  6 adders
  A white imp (D:5)
  2 ufetubi (D:5)
  2 dart slugs
  4 ribbon worms
  An orc (D:5)
  8 ball pythons
  9 endoplasms
  3 giant cockroaches
  5 goblins
  5 hobgoblins
  7 jackals
  11 kobolds
  5 quokkas
  3 bats
  2 frilled lizards
  10 rats
108 creatures vanquished.

Notes
Turn   | Place    | Note
-------+----------+-------------------------------------------
     0 | D:1      | qw the Djinni Hunter began the quest for the Orb.
     0 | D:1      | Reached XP level 1. HP: 18/18 MP: 0/0
     0 | D:1      | 0 ||| qw: Version: 0.3-a-136-gdd3b4e8
     0 | D:1      | 0 ||| qw: Game counter: 1104
     0 | D:1      | 0 ||| qw: Melee chars always use a shield: true
     0 | D:1      | 0 ||| qw: God list: Okawaru
     0 | D:1      | 0 ||| qw: Allow faded altars: false
     0 | D:1      | 0 ||| qw: Do Orc after clearing Dungeon:15 true
     0 | D:1      | 0 ||| qw: Do second Lair branch before Depths: true
     0 | D:1      | 0 ||| qw: Lair rune preference: random
     0 | D:1      | 0 ||| qw: Goals: Normal
     0 | D:1      | 0 ||| PLANNING D:1-11
   123 | D:1      | Reached XP level 2. HP: 23/23 MP: 0/0
   320 | D:1      | Reached XP level 3. HP: 28/28 MP: 0/0
   320 | D:1      | Learned a level 1 spell: Magic Dart
   352 | D:1      | Reached skill level 4 in Ranged Weapons
   616 | D:1      | 616 ||| UPGRADING to +5 ring of evasion.
   617 | D:1      | 617 ||| READING 3 scrolls labelled KIOKLY BEXYL.
   617 | D:1      | 617 ||| IDENTIFYING fizzy brown potion
   618 | D:1      | 618 ||| READING 2 scrolls of identify.
   618 | D:1      | 618 ||| IDENTIFYING 2 bubbling silvery potions
   619 | D:1      | 619 ||| READING scroll of identify.
   619 | D:1      | 619 ||| IDENTIFYING scroll labelled LYSUM UHONYI
   620 | D:1      | 620 ||| READING scroll labelled KEOWAI KOAKUPNYI.
   620 | D:1      | 620 ||| ENCHANTING +0 shortbow.
   621 | D:1      | 621 ||| DROPPING scroll of butterflies.
   622 | D:1      | 622 ||| DROPPING scroll of vulnerability.
   623 | D:1      | 623 ||| DROPPING 2 potions of berserk rage.
  1375 | D:2      | 1375 ||| READING 3 scrolls of identify.
  1375 | D:2      | 1375 ||| IDENTIFYING fizzy white potion
  1376 | D:2      | 1376 ||| READING 2 scrolls of identify.
  1376 | D:2      | 1376 ||| IDENTIFYING scroll labelled TIFOEH XAUSMEV
  1377 | D:2      | 1377 ||| READING scroll of identify.
  1377 | D:2      | 1377 ||| IDENTIFYING 3 scrolls labelled NICLUE COFA
  1378 | D:2      | 1378 ||| DROPPING scroll of amnesia.
  1407 | D:3      | Reached XP level 4. HP: 34/34 MP: 0/0
  1452 | D:3      | Reached skill level 3 in Fighting
  1934 | D:3      | Reached skill level 3 in Dodging
  2051 | D:3      | 2051 ||| RETREEEEATING.
  2067 | D:3      | Reached XP level 5. HP: 38/40 MP: 0/0
  2067 | D:3      | Learned a level 2 spell: Scorch
  2225 | D:3      | Found a faded altar of an unknown god.
  2359 | D:3      | 2359 ||| UPGRADING to amulet of the acrobat.
  2364 | D:3      | 2364 ||| READING scroll of identify.
  2364 | D:3      | 2364 ||| IDENTIFYING scroll labelled UNEDWI ICLUT
  2365 | D:3      | 2365 ||| READING scroll labelled ZEACWY OMOIPN.
  2365 | D:3      | 2365 ||| ENCHANTING +0 shortbow.
  2366 | D:3      | 2366 ||| DROPPING scroll of fear.
  2390 | D:4      | Noticed a phantom
  2411 | D:4      | Killed a phantom
  2412 | D:4      | Reached skill level 5 in Ranged Weapons
  2412 | D:4      | Reached XP level 6. HP: 21/46 MP: 0/0
  2586 | D:4      | Found a staircase to the Ecumenical Temple.
  2587 | D:4      | 2587 ||| PLANNING TEMPLE
  2596 | Temple   | Entered the Ecumenical Temple
  2597 | Temple   | 2597 ||| PLANNING D:1-11
  2608 | D:4      | Identified the +5 ring mail of Tudeo {Will+ Int-2 Dex+2
                  | Stlth+}
  2965 | D:4      | Found a hide-covered altar of Uskayaw.
  3176 | D:4      | Found a runed translucent gate.
  3176 | D:4      | Found a runed translucent gate.
  3176 | D:4      | Noticed qw's ghost (amateur GrHu)
  3177 | D:4      | Found a runed translucent gate.
  3272 | D:4      | 3272 ||| UPGRADING to +5 ring mail of Tudeo {Will+ Int-2
                  | Dex+2 Stlth+}.
  3282 | D:4      | 3282 ||| DROPPING +0 leather armour.
  3283 | D:4      | 3283 ||| UPGRADING to ring of willpower.
  3284 | D:4      | 3284 ||| READING 2 scrolls of identify.
  3284 | D:4      | 3284 ||| IDENTIFYING scroll labelled MADUEZIFOG
  3285 | D:4      | 3285 ||| DROPPING scroll of fog.
  3320 | D:5      | Entered Level 5 of the Dungeon
  3339 | D:5      | Reached skill level 1 in Armour
  3453 | D:5      | HP: 3/47 [iguana (10)]
  3453 | D:5      | HP: 1/47 [iguana (2)]
  3454 | D:5      | 3454 ||| READING 3 scrolls of teleportation.
  3641 | D:5      | Reached XP level 7. HP: 52/52 MP: 0/0
  3641 | D:5      | Learned a level 2 spell: Ensorcelled Hibernation
  3809 | D:5      | Reached skill level 6 in Ranged Weapons
  4174 | D:5      | Found an ornate altar of the Wu Jian Council.
  4222 | D:5      | Found a bloodstained altar of Trog.
  4337 | D:5      | Found a sacrificial altar of Ru.
  4339 | D:5      | Found a white marble altar of Elyvilon.
  4342 | D:5      | Found a hazy altar of Hepliaklqana.
  4376 | D:5      | 4376 ||| READING 2 scrolls of identify.
  4376 | D:5      | 4376 ||| IDENTIFYING lumpy yellow potion
  4377 | D:5      | 4377 ||| READING scroll of identify.
  4377 | D:5      | 4377 ||| IDENTIFYING 2 sedimented brown potions
  4378 | D:5      | 4378 ||| DROPPING potion of brilliance.
  4503 | D:6      | Noticed a gargoyle
  4512 | D:6      | HP: 7/52 [gargoyle/+0 mace (7)]
  4513 | D:6      | 4513 ||| READING 3 scrolls of teleportation.
  4513 | D:6      | HP: 2/52 [gargoyle/+0 mace (5)]
  4514 | D:6      | 4514 ||| DRINKING 2 potions of heal wounds.
  4515 | D:6      | 4515 ||| DRINKING potion of heal wounds.
  4516 | D:6      | Noticed a water moccasin
  4525 | D:6      | Killed a water moccasin
  4656 | D:6      | Reached XP level 8. HP: 58/58 MP: 0/0
  4691 | D:6      | 4691 ||| RETREEEEATING.
  5005 | D:6      | Reached skill level 7 in Ranged Weapons
  5097 | D:6      | Killed from afar by a gargoyle

Levels and vault maps discovered:
D:1:      dpeg_arrival_boxorama, layout_basic
D:2:      layout_basic, dk_noncrumbling_3
D:3:      layout_loops_corners, shapermc_ecumenical_altar_hornbeckon
D:4:      layout_basic, overflow_temple_1_default, minmay_temple_entry_waves,
          serial_glass, glass_columns_b, glass_columns_a,
          ebering_ghost_rock_garden
D:5:      layout_basic, mainiacjoe_overflow_alcove_1,
          mainiacjoe_overflow_concentric_impassable,
          minmay_overflow_temple_star_quad
D:6:      layout_loops_ring
Temple:   oiseaux_autumnal_temple

Skill      XL: |  1  2  3  4  5  6  7  8 |
---------------+-------------------------+-----
Ranged Weapons | 4 5 6 7 |  7.1
Fighting       | 3 4 |  4.1
Dodging        | 3 4 |  4.3
Armour         | 1 |  1.1
Stealth        | |  0.7

Action                     |  1- 3 |  4- 6 |  7- 9 || total
---------------------------+-------+-------+-------++-------
   Fire: Shortbow          |   100 |   184 |   177 ||   461
    Use: Scroll            |     7 |     4 |     3 ||    14
         Potion            |       |       |     2 ||     2
 Armour: Leather armour    |    16 |    23 |       ||    39
         Ring mail         |       |    20 |    59 ||    79
  Dodge: Dodged            |    19 |    76 |    97 ||   192

Table legend:
 A = Non-vault XP
 B = Vault XP
 C = Vault XP percentage of total XP
 D = Non-vault monster count
 E = Vault monster count
 F = Vault count percentage of total count
                 A         B        C        D         E       F
            +---------+---------+-------+---------+---------+-------
      Total |    1404 |       0 |   0.0 |     108 |       0 |   0.0
            +---------+---------+-------+---------+---------+-------
        D:1 |      38 |       0 |   0.0 |      23 |       0 |   0.0
        D:2 |      25 |       0 |   0.0 |      13 |       0 |   0.0
        D:3 |     106 |       0 |   0.0 |      23 |       0 |   0.0
        D:4 |     179 |       0 |   0.0 |      13 |       0 |   0.0
        D:5 |     458 |       0 |   0.0 |      16 |       0 |   0.0
        D:6 |     598 |       0 |   0.0 |      20 |       0 |   0.0
            +---------+---------+-------+---------+---------+-------
